 Dungeon Crawl Stone Soup version 0.31-a0-152-g6aa68a64a1 (webtiles) character file.

Game seed: 8800343162754578847

56 Drevant2 the Shield-Bearer (level 3, -4/24 HPs)
             Began as a Gargoyle Fighter on June 9, 2023.
             Slain by a gnoll
             ... wielding a +0 halberd
              (8 damage)
             ... on level 2 of the Dungeon.
             The game lasted 00:04:41 (1975 turns).

Drevant2 the Shield-Bearer (Gargoyle Fighter)       Turns: 1975, Time: 00:04:42

Health: -4/24      AC: 10    Str: 19    XL:     3   Next: 95%
Magic:  3/3        EV:  9    Int:  8    God:
Gold:   17         SH:  4    Dex: 11    Spells: 2/2 levels left

rFire   . . .        a - +0 flail
rCold   . . .        c - +0 buckler
rNeg    + . .        b - +0 scale mail
rPois   ∞            (no helmet)
rElec   +            (no cloak)
rCorr   .            (no gloves)
SInv    .            (no boots)
Will    .....        (no amulet) Stlth
                     (no ring)
HPRegen 0.24/turn    (no ring)
MPRegen 0.08/turn

%: no passive effects
@: no status effects
A: sickness immunity, AC +3, negative energy resistance 1, electricity
resistance, torment resistance 1, petrification resistance
a: no special abilities


You were on level 2 of the Dungeon.
You visited 1 branch of the dungeon, and saw 3 of its levels.

You collected 76 gold pieces.
You spent 59 gold pieces at shops.

Inventory:

Hand Weapons
 a - a +0 flail (weapon)
Armour
 b - a +0 scale mail (worn)
 c - a +0 buckler (worn)
Scrolls
 e - 2 scrolls of teleportation
 g - a scroll of amnesia {unknown}
 h - a scroll of immolation
 j - a scroll of poison
Potions
 d - 2 potions of might
 i - a potion of invisibility
 k - a potion of lignification


   Skills:
 - Level 3.9 Fighting
 * Level 2.6 Maces & Flails
 + Level 3.7 Armour
 + Level 3.9 Shields


You had 2 spell levels left.
You didn't know any spells.
Your spell library contained the following spells:

 Spells                   Type           Power      Damage    Failure   Level
 Magic Dart               Conj           0%         1d3       85%         1
 Searing Ray              Conj           0%         2d4       94%         2
 Inner Flame              Hex/Fire       0%         N/A       99%         3
 Flame Wave               Conj/Fire      0%         2d4       100%        4
 Fulminant Prism          Conj/Hex       0%         3d5       100%        4
 Sticky Flame             Conj/Fire      0%         2d3       100%        4


Dungeon Overview and Level Annotations

Branches:
Dungeon (3/15)

Altars:

Shops:
D:1 !**   D:2 ?

Annotations:
D:2 1 runed translucent door, Crazy Yiuf


Innate Abilities, Weirdness & Mutations

You are immune to sickness and miasma.
Your stone body is resilient. (AC +3)
You are immune to poison.
You resist negative energy. (rN+)
You are resistant to electric shocks. (rElec)
You are resistant to unholy torment.
You are immune to petrification.


Message History

Level annotation: 1 runed translucent door, Crazy Yiuf
There is a stone staircase leading down here.
As you read the scroll of teleportation, it crumbles to dust.
You feel strangely unstable. The gnoll closely misses you.
The gnoll hits you with a +0 halberd.
* * * LOW HITPOINT WARNING * * *
The gnoll hits you from afar with a +0 halberd.
* * * LOW HITPOINT WARNING * * *
Your surroundings suddenly seem different.
You start resting.
HP restored.
The gnoll shouts!
You block the gnoll's attack.
The gnoll shouts!
The gnoll hits you with a +0 halberd!
You hit the gnoll.
The gnoll is moderately wounded.
You block the gnoll's attack.
You closely miss the gnoll.
The gnoll is moderately wounded.
The gnoll hits you with a +0 halberd.
* * * LOW HITPOINT WARNING * * *
You hit the gnoll.
The gnoll is heavily wounded.
You hit the gnoll.
The gnoll is lightly wounded.
You block the gnoll's attack.
The gnoll hits you from afar with a +0 halberd!
* * * LOW HITPOINT WARNING * * *
You block the gnoll's attack. The gnoll hits you but does no damage.
You closely miss the gnoll.
The gnoll is moderately wounded.
The gnoll hits you but does no damage. The gnoll barely misses you.
You hit the gnoll but do no damage.
The gnoll is moderately wounded.
The gnoll hits you but does no damage. The gnoll barely misses you.
You barely miss the gnoll.
The gnoll is moderately wounded.
The gnoll hits you but does no damage. The gnoll hits you with a +0 halberd!
You die...

......## ######.###.........#
.....## #........<.##.######
.#.### #..........##.##########
.#..# #..........##......#####
###.## #..........##........#∩#
.##..# #..........#.........##'
.###.# #..........#............
..##.## #.....g.>..#............
#.##..# #......@g..#............
#..##.## ##..####.##.............
...##..# #..####.................
.....#.###.####...##.#...........
..####...#......#.#..##.....##...
...# #......#####<#.####.##.#####
...♣ ####..## #.#.# ##.##.# ...♣
#...#.### #.#.# #.....# ♣.♣♣
###.....####.#.# #..####


You could see 2 gnolls.

Vanquished Creatures
  A dart slug (D:1)
  7 ball pythons
  3 endoplasms
  3 giant cockroaches
  5 goblins
  6 hobgoblins
  3 kobolds
  8 bats
  5 frilled lizards
  8 rats
49 creatures vanquished.

Notes
Turn   | Place    | Note
-------+----------+-------------------------------------------
     0 | D:1      | Drevant2 the Gargoyle Fighter began the quest for the Orb.
     0 | D:1      | Reached XP level 1. HP: 14/14 MP: 1/1
   384 | D:1      | Reached XP level 2. HP: 19/19 MP: 2/2
   410 | D:1      | Found Vaoqesch's General Store.
   425 | D:1      | Bought a scroll of identify for 20 gold pieces
   457 | D:1      | You fall into a shaft and drop 1 floor!
   565 | D:1      | Found Nefaez's Assorted Antiques.
   673 | D:1      | Reached XP level 3. HP: 23/23 MP: 3/3
   711 | D:1      | Found Vito Ane's Distillery.
  1029 | D:2      | Found Ithiawec's Magic Scroll Boutique.
  1443 | D:2      | Found a runed translucent door.
  1444 | D:2      | Noticed Crazy Yiuf
  1675 | D:2      | Bought a scroll of teleportation for 39 gold pieces
  1975 | D:2      | Slain by a gnoll

Illustrated notes

Levels and vault maps discovered:
D:1:      dpeg_arrival_circle_labyrinth_c, layout_basic, serial_shops,
          nicolae_shop_overgrown_old_shop, shop, shop, minmay_hexomino_c4
D:2:      layout_rooms, serial_shops, nicolae_shop_tiny_glass,
          uniq_crazy_yiuf_cottage
D:3:      layout_basic, dreamdust_ecumenical_altar_angels_and_demons,
          minmay_misc_feat_room, minmay_liquid_box

Action                     || total
---------------------------++-------
  Melee: Flail             ||   180
    Use: Scroll            ||     5
 Armour: Scale mail        ||   144
  Dodge: Dodged            ||   127
  Block: Buckler           ||    60

Table legend: (Time is in decaauts)
 A = Elapsed time spent in this place.
 B = Non-inter-level travel time spent in this place.
 C = Inter-level travel time spent in this place.
 D = Time resting spent in this place.
 E = Time spent auto-exploring this place.
 F = Levels seen in this place.
 G = Mean time per level.
                   A        B        C        D        E       F      G
               +--------+--------+--------+--------+--------+-----+--------+
         Total |   2033 |   1768 |    265 |    143 |   1207 |   3 |  677.7 |
       Dungeon |   2033 |   1768 |    265 |    143 |   1207 |   3 |  677.7 |
               +--------+--------+--------+--------+--------+-----+--------+

Top non-repeatable levels by time:
     D:1: 1046 daAuts
     D:2: 951 daAuts
     D:3: 34 daAuts
